 Dungeon Crawl Stone Soup version 0.30.1-11-g7821555f0a (webtiles) character file.

Game seed: 1062954038664700451

189 KittyFluff the Cudgeller (level 5, -7/33 HPs)
             Began as a Gargoyle Berserker on Nov 7, 2023.
             Was a Believer of Trog.
             Mangled by Eustachio
             ... wielding a +0 rapier
              (8 damage)
             ... on level 4 of the Dungeon.
             The game lasted 00:12:07 (3216 turns).

KittyFluff the Cudgeller (Gargoyle Berserker)       Turns: 3216, Time: 00:12:11

Health: -7/33      AC:  8    Str: 22 (23) XL:     5   Next: 68%
Magic:  5/5        EV: 11    Int:  4 (7)  God:    Trog [**....]
Gold:   172        SH:  0    Dex:  6 (9)  Spells: 4/4 levels left

rFire   . . .        a - +0 mace
rCold   . . .        (no shield)
rNeg    + . .        f - +2 robe {Will+}
rPois   ∞            (no helmet)
rElec   +            (no cloak)
rCorr   .            (no gloves)
SInv    .            (no boots)
Will    +....        (no amulet)
Stlth   +            d - ring of flight
HPRegen 0.25/turn    (no ring)
MPRegen 0.09/turn

%: no passive effects
@: on berserk cooldown, flying, slowed, very slow
A: sickness immunity, AC +4, negative energy resistance 1, electricity
resistance, torment resistance 1, petrification resistance
a: Renounce Religion, Berserk, Trog's Hand


You were on level 4 of the Dungeon.
You worshipped Trog.
Trog was pleased with you.
You visited 1 branch of the dungeon, and saw 4 of its levels.

You collected 172 gold pieces.

Inventory:

Hand Weapons
 a - a +0 mace (weapon)
 g - a +0 sling
Missiles
 h - 2 throwing nets (quivered)
 n - 7 poisoned darts
Armour
 c - a +0 leather armour
 f - a +2 robe of willpower (worn)
Jewellery
 d - a ring of flight (left hand)
Scrolls
 b - 3 scrolls of teleportation {unknown}
 e - 2 scrolls of magic mapping {unknown}
 i - a scroll of immolation {unknown}
 j - a scroll of noise {unknown}
 o - a scroll of vulnerability {unknown}
 p - a scroll of fear {unknown}
 s - a scroll of identify {unknown}
Potions
 k - a potion of ambrosia {unknown}
 l - a potion of haste {unknown}
 m - a potion of might {unknown}
 q - a potion of curing {unknown}


   Skills:
 + Level 4.0 Fighting
 * Level 4.3 Maces & Flails
 * Level 4.1 Armour
 + Level 2.2 Dodging


You had 4 spell levels left.
You didn't know any spells.
Your spell library was empty.

Dungeon Overview and Level Annotations

Branches:
Dungeon (4/15)
 Temple: D:4-7

Altars:
Trog

Annotations:
D:4 Eustachio


Innate Abilities, Weirdness & Mutations

You are immune to sickness and miasma.
Your stone body is resilient. (AC +4)
You are immune to poison.
You resist negative energy. (rN+)
You are resistant to electric shocks. (rElec)
You are resistant to unholy torment.
You are immune to petrification.


Message History

You feel your anger nearly subside.
You are no longer berserk.
You are exhausted.
You feel yourself slow down. The bat hits you but does no damage.
The quokka attacks as you move away! The quokka closely misses you.
The bat closely misses you. The bat hits you but does no damage.
You miss the bat. The bat hits you but does no damage.
The bat closely misses you. The bat hits you but does no damage.
The bat hits you but does no damage. Eustachio hits you but does no damage.
The bat hits you but does no damage.
Eustachio gestures wildly while chanting.
Eustachio blinks!
The bat hits you but does no damage. The bat barely misses you.
The bat barely misses you. x2; The bat hits you but does no damage.
Eustachio gestures wildly while chanting.
You sock Eustachio!
Eustachio is severely wounded.
The bat hits you but does no damage. x2
The shadow imp hits you but does no damage.
The bat completely misses you. Eustachio hits you but does no damage.
The iron imp closely misses you.
You hit Eustachio but do no damage.
Eustachio is severely wounded.
The bat barely misses you. The bat hits you but does no damage.
The bat closely misses you. The shadow imp hits you.
* * * LOW HITPOINT WARNING * * *
Eustachio misses you. The bat barely misses you.
The iron imp closely misses you.
The shadow imp hits you but does no damage.
Eustachio twirls his moustache.
Eustachio hits you with a +0 rapier.
* * * LOW HITPOINT WARNING * * *
The bat hits you but does no damage. The bat barely misses you.
It was a potion of degeneration.
There was something very wrong with that liquid.
You feel weakened.
You feel dopey.
You feel clumsy. The bat hits you but does no damage.
The bat closely misses you. The bat misses you. The shadow imp misses you.
Eustachio says, "My allies will avenge me."
Eustachio hits you with a +0 rapier!
You die...

............##
####.....#..#
##...###..#
#..## #..##
##..# #..####
#..## #.#...
###..# #...
#....## ###@#
###...#####rb@##
##..##...r5.5#
#.....####.b#
#....## ##....
#.##..# ......
#..##..# ......
#.###..# ......
.. #..# #...#.
... #..# ..#


You could see Eustachio, an iron imp (summoned), a river rat (summoned), a
shadow imp (summoned), a quokka (summoned) and 2 bats.

Vanquished Creatures
  A hound (D:4)
  4 gnolls (D:2)
  6 adders
  2 worms
  An orc (D:4)
  9 endoplasms
  8 goblins
  3 hobgoblins
  3 quokkas
  5 ball pythons
  6 bats
  2 frilled lizards
  6 kobolds
  4 rats
60 creatures vanquished.

Notes
Turn   | Place    | Note
-------+----------+-------------------------------------------
     0 | D:1      | KittyFluff the Gargoyle Berserker began the quest for the
                  | Orb.
     0 | D:1      | Reached XP level 1. HP: 14/14 MP: 1/1
   407 | D:1      | Reached XP level 2. HP: 19/19 MP: 2/2
  1138 | D:2      | Reached XP level 3. HP: 20/23 MP: 3/3
  1179 | D:2      | Reached XP level 4. HP: 13/29 MP: 4/4
  1449 | D:2      | Reached ** piety under Trog
  1706 | D:3      | Found a bloodstained altar of Trog.
  2051 | D:3      | Reached XP level 5. HP: 33/33 MP: 5/5
  3173 | D:4      | Noticed Eustachio
  3215 | D:4      | HP: 1/33 [Eustachio/+0 rapier (3)]
  3216 | D:4      | Mangled by Eustachio

Illustrated notes

Levels and vault maps discovered:
D:1:      dpeg_arrival_renting, layout_basic
D:2:      layout_basic
D:3:      layout_basic, lemuel_crystal_altar, minmay_circle_x
D:4:      layout_layer_cave, kennysheep_mini_moat, serial_bayou_pond_b,
          uniq_eustachio

Skill      XL: |  1  2  3  4  5 |
---------------+----------------+-----
Armour         | 3 4 |  4.1
Dodging        | 2 |  2.2
Maces & Flails | 4 |  4.3
Fighting       | 4 |  4.0

Action                     |  1- 3 |  4- 6 || total
---------------------------+-------+-------++-------
  Melee: Mace              |    74 |   186 ||   260
 Invoke: Berserk           |     1 |     1 ||     2
    Use: Potion            |       |     1 ||     1
   Stab: Sleeping          |       |     1 ||     1
 Armour: Animal skin       |    10 |       ||    10
         Leather armour    |    11 |       ||    11
         Robe              |    11 |    89 ||   100
  Dodge: Dodged            |    50 |   163 ||   213
